 Dungeon Crawl Stone Soup version 0.29-a0-542-g075992c915 (webtiles) character file.

Game seed: 8759331352220619319

16308 happo123 the Covert (level 12, 0/72 HPs)
             Began as a Kobold Enchanter on June 3, 2022.
             Was an Elder of Wu Jian.
             Killed from afar by a smoke demon (30 damage)
             ... with a ball of steam
             ... summoned by a kobold demonologist
             ... on level 11 of the Dungeon.
             The game lasted 01:06:38 (13845 turns).

happo123 the Covert (Kobold Enchanter)             Turns: 13845, Time: 01:06:39

Health: 0/72       AC: 10    Str:  7    XL:     12   Next: 68%
Magic:  12/22      EV: 18    Int: 21    God:    Wu Jian [****..]
Gold:   1004       SH:  0    Dex: 16    Spells: 11/25 levels left

rFire   . . .      SeeInvis +   K - +0 short sword (speed)
rCold   . . .      Faith    .   B - orb {guile}
rNeg    . . .      Spirit   .   U - +2 troll leather armour
rPois   .          Reflect  .   R - +0 helmet
rElec   +          Harm     .   w - +0 cloak
rCorr   .          Rampage  .   (no gloves)
Will    .....                   H - +0 pair of boots
Stlth   +++++.....              (no amulet)
HPRegen 1.02/turn               l - +4 ring of slaying
MPRegen 0.18/turn               C - ring of the Oligarchy {Wiz rElec Will+ Str+2 SInv}

@: no status effects
A: small, no large weapons, nightstalker 3
a: Renounce Religion, Wall Jump, Serpent's Lash


You were on level 11 of the Dungeon.
You worshipped Wu Jian.
Wu Jian was greatly pleased with you.
You visited 2 branches of the dungeon, and saw 12 of its levels.

You collected 1046 gold pieces.
You spent 42 gold pieces at shops.

Inventory:

Hand Weapons
 b - a +0 arbalest
 v - a +1 dagger of venom
 K - a +0 short sword of speed (weapon)
 T - a +2 demon whip of venom
Armour
 n - the +1 scale mail of Fortitude {rF++ Int+4 Dex-3 Slay+3}
   (You found it on level 4 of the Dungeon)

   Int:       It affects your intelligence (+4).
   Dex:       It affects your dexterity (-3).
   Slay:      It affects your accuracy & damage with ranged weapons and melee
   (+3).
   rF:        It greatly protects you from fire.
 w - a +0 cloak (worn)
 B - an orb of guile (worn)
 H - a +0 pair of boots (worn)
 N - +0 acid dragon scales
 R - a +0 helmet (worn)
 U - a +2 troll leather armour (worn)
Magical Staves
 k - a staff of air
 x - a staff of conjuration
Jewellery
 l - a +4 ring of slaying (left hand)
 C - the ring of the Oligarchy (right hand) {Wiz rElec Will+ Str+2 SInv}
   (You acquired it on level 8 of the Dungeon)

   [ring of wizardry]

   It improves your spell success rate.
   Str:       It affects your strength (+2).
   rElec:     It insulates you from electricity.
   SInv:      It lets you see invisible.
   Will:      It increases your willpower.
 J - a +4 ring of slaying
 M - an amulet of faith
Wands
 y - a wand of charming (1)
 z - a wand of flame (37)
 A - a wand of paralysis (17)
 F - a wand of digging (5)
Scrolls
 d - 3 scrolls of identify
 h - 2 scrolls of teleportation
 j - a scroll of amnesia {unknown}
 m - 2 scrolls of immolation
 o - 2 scrolls of poison
 r - a scroll of blinking
 t - a scroll of noise {unknown}
 D - 3 scrolls of fog
 G - a scroll of enchant armour
 L - a scroll of enchant weapon {unknown}
 O - 2 scrolls of magic mapping
Potions
 a - a potion of ambrosia {unknown}
 c - 3 potions of invisibility
 e - a potion of berserk rage {unknown}
 f - a potion of flight {unknown}
 g - 2 potions of might {unknown}
 i - 2 potions of curing
 q - 3 potions of attraction {unknown}
 s - 3 potions of haste
 u - 3 potions of mutation {unknown}
 P - a potion of brilliance {unknown}
 Q - a potion of degeneration {unknown}
Miscellaneous
 S - a phial of floods


   Skills:
 + Level 7.4 Fighting
 + Level 9.0 Short Blades
 + Level 5.2 Armour
 + Level 8.5 Dodging
 + Level 10.5 Stealth
 + Level 7.0 Spellcasting
 * Level 10.1 Hexes
 + Level 5.9 Air Magic


You had 11 spell levels left.
You knew the following spells:

 Your Spells              Type           Power      Damage    Failure   Level
a - Ensorcelled Hibernat  Hex/Ice        56%        N/A       1%          2
b - Confusing Touch       Hex            50%        N/A       1%          3
c - Tukima's Dance        Hex            50%        N/A       1%          3
d - Dazzling Flash        Conj/Hex       56%        N/A       1%          3
e - Swiftness             Air            32%        N/A       1%          3

Your spell library contained the following spells:

 Spells                   Type           Power      Damage    Failure   Level
 Inner Flame              Hex/Fire       28%        N/A       1%          3
 Static Discharge         Conj/Air       19%        N/A       2%          2
 Apportation              Tloc           14%        N/A       4%          1
 Foxfire                  Conj/Fire      28%        2x1d5     4%          1
 Blink                    Tloc           14%        N/A       8%          2
 Passwall                 Tmut/Erth      5%         N/A       8%          2
 Sublimation of Blood     Necr           7%         N/A       8%          2
 Wereblood                Tmut           7%         N/A       8%          2
 Conjure Flame            Conj/Fire      7%         6-21      16%         3
 Lesser Beckoning         Tloc           7%         N/A       16%         3
 Yara's Violent Unravell  Hex/Tmut       14%        3d7       17%         5
 Corpse Rot               Necr/Pois/Air  15%        N/A       22%         4
 Lightning Bolt           Conj/Air       9%         1d22      38%         5
 Animate Dead             Necr           7%         N/A       43%         4
 Dispel Undead            Necr           7%         3d8       43%         4
 Flame Wave               Conj/Fire      7%         2d5       43%         4
 Hailstorm                Conj/Ice       7%         3d4       43%         4
 Ice Form                 Ice/Tmut       7%         N/A       43%         4
 Enfeeble                 Hex            25%        N/A       52%         7
 Alistair's Intoxication  Tmut/Pois      4%         N/A       77%         5
 Borgnjor's Vile Clutch   Necr/Erth      3%         N/A       77%         5
 Manifold Assault         Tloc           7%         N/A       77%         5
 Death Channel            Necr           3%         N/A       99%         6
 Simulacrum               Ice/Necr       3%         N/A       99%         6
 Summon Hydra             Summ           3%         N/A       100%        7
 Maxwell's Capacitive Co  Air            16%        ∞         100%        8


Dungeon Overview and Level Annotations

Branches:
Dungeon (11/15)            Temple (1/1) D:4
   Lair: D:8-11         Orc: D:9-12

Altars:
Ashenzari
Cheibriados
Dithmenos
Elyvilon
Fedhas
Gozag
Hepliaklqana
Kikubaaqudgha
Makhleb
Nemelex Xobeh
Okawaru
Qazlal
Ru
Sif Muna
Trog
Uskayaw
Vehumet
Wu Jian
Xom
Yredelemnul
Zin
The Shining One

Shops:
D:9 ?(


Innate Abilities, Weirdness & Mutations

You are small and have problems with some larger weapons.
You are completely attuned to the shadows.


Message History

A cyclops comes into view.
Items here: ! $ ) [ †.
You bump into the metal wall.
The shadow closely misses you.
You bump into the metal wall.
The shadow completely misses you.
The orc wizard mumbles some strange words.
The orc wizard flickers and vanishes for a moment.
You bump into the metal wall.
The cyclops hits you!!
The shadow hits itself!
You bump into the metal wall.
The cyclops misses you.
You bump into the metal wall.
You feel less confused.
The shadow hits itself.
The shadow is destroyed!
The Council accepts your kill.
Aiming: Ensorcelled Hibernation (safe; 1% risk of failure)
Press: ? - help, Q - select action, (/) - cycle Shift-Dir - straight line, f - cyclops
Aim: a cyclops, quivering large rocks (chance to affect: 75%)
The cyclops resists with some effort.
The cyclops hits you!
Aiming: Ensorcelled Hibernation (safe; 1% risk of failure)
Press: ? - help, Q - select action, (/) - cycle Shift-Dir - straight line, f/p - cyclops
Aim: a cyclops, quivering large rocks (chance to affect: 75%)
The cyclops resists with some effort.
The cyclops hits you!!
Aiming: Ensorcelled Hibernation (safe; 1% risk of failure)
Press: ? - help, Q - select action, (/) - cycle Shift-Dir - straight line, f/p - cyclops
Aim: a cyclops, quivering large rocks (chance to affect: 75%)
The cyclops resists with some effort.
Aiming: Ensorcelled Hibernation (safe; 1% risk of failure)
Press: ? - help, Q - select action, (/) - cycle Shift-Dir - straight line, f/p - cyclops
Aim: a cyclops, quivering large rocks (chance to affect: 75%)
The cyclops resists with some effort.
The cyclops completely misses you.
You see here a wyvern skeleton.
A kobold demonologist comes into view. It is wielding a +0 dagger.
The cyclops throws a large rock.
The large rock misses you.
The orc wizard complains noisily, as Orcs often do.
The kobold demonologist gestures wildly while chanting.
The smoke demon gestures at you. The ball of steam hits you!!
You die...

#.........)...........
#).....#.#.##.B.......
##..........#R°.......
#.)##..##)###.........
#.##.#.Ko8.8.#.####'##
#.####.##C3.....).)....
. #..÷#.#.8§8.#.....#..
..#.)##)##§###.)...#
####.####@###.....#
..................#
###.......#........
..)......÷#########
###........# #........#
#........# #.##...(##
#....##########


You could see a cyclops, a kobold demonologist, a smoke demon (summoned) and an
orc wizard (invisible).

Vanquished Creatures
  Harold (D:9)
  A centaur warrior (D:11)
  4 two-headed ogres
  Amaemon (D:10)
  An orc knight (D:11)
  Pikel (D:7)
  The ghost of sirJeffrey23 the Insei, a novice DsMo (D:7)
  A deep elf pyromancer (D:11)
  A manticore (D:11)
  2 cyclopes (D:11)
  Maurice (D:9)
  An orange demon (D:10)
  2 unseen horrors
  A kobold demonologist (D:9)
  A yaktaur (D:11)
  A troll (D:7)
  A slime creature (D:11)
  A snapping turtle (shapeshifter) (D:11)
  Prince Ribbit (D:7)
  3 wraiths
  3 wyverns
  3 shadows (D:11)
  2 vampires
  4 yaks (D:10)
  A steam dragon (D:8)
  Grum (D:9)
  A vampire mosquito (D:11)
  3 acid dragons
  2 water moccasins
  3 orc warriors
  A black bear (D:6)
  An ogre (D:7)
  3 ice beasts
  4 wolves (D:9)
  2 centaurs (D:9)
  4 lemures (D:7)
  5 kobold brigands
  6 bullfrogs
  5 scorpions
  2 necrophages
  2 gnoll sergeants (D:9)
  5 killer bees
  2 howler monkeys
  An electric eel (D:9)
  3 orc priests
  3 hounds
  3 gnoll shamans
  5 jellies
  2 iguanas
  4 orc wizards
  30 gnolls
  6 adders
  2 shadow imps
  3 white imps
  5 ufetubi (D:6)
  2 worms
  24 orcs
  5 bats
  4 endoplasms
  3 giant cockroaches
  4 goblins
  9 hobgoblins
  7 jackals
  27 kobolds
  3 quokkas
  7 ball pythons
  6 frilled lizards
  4 rats
  A spectral hobgoblin (D:1)
265 creatures vanquished.

Vanquished Creatures (collateral kills)
  A gnoll (D:6)
1 creature vanquished.

Vanquished Creatures (others)
  An orc priest (D:6)
1 creature vanquished.

Grand Total: 267 creatures vanquished

Notes
Turn   | Place    | Note
-------+----------+-------------------------------------------
     0 | D:1      | happo123 the Kobold Enchanter began the quest for the Orb.
     0 | D:1      | Reached XP level 1. HP: 10/10 MP: 3/3
   287 | D:1      | Reached XP level 2. HP: 13/16 MP: 5/5
   290 | D:1      | Learned a level 2 spell: Ensorcelled Hibernation
   340 | D:1      | Found a faded altar of an unknown god.
   641 | D:1      | Reached XP level 3. HP: 12/20 MP: 0/6
  1039 | D:1      | Learned a level 3 spell: Confusing Touch
  1114 | D:2      | Reached skill level 1 in Fighting
  1164 | D:2      | Reached XP level 4. HP: 25/25 MP: 7/7
  2775 | D:3      | Reached XP level 5. HP: 29/29 MP: 9/9
  2780 | D:3      | Learned a level 3 spell: Tukima's Dance
  3061 | D:4      | Identified the +1 scale mail of Fortitude {rF++ Int+4 Dex-3
                  | Slay+3}
  3266 | D:4      | Reached XP level 6. HP: 35/35 MP: 10/10
  3350 | D:4      | Found a white marble altar of Elyvilon.
  3413 | D:4      | Reached skill level 5 in Stealth
  3531 | D:4      | Reached skill level 1 in Armour
  3731 | D:4      | Reached XP level 7. HP: 40/40 MP: 8/11
  3823 | D:4      | Found a staircase to the Ecumenical Temple.
  3834 | Temple   | Entered the Ecumenical Temple
  3953 | Temple   | Became a worshipper of the Wu Jian Council
  4388 | D:5      | Entered Level 5 of the Dungeon
  5523 | D:5      | Learned a level 3 spell: Dazzling Flash
  5530 | D:6      | Reached skill level 5 in Hexes
  5945 | D:6      | Reached XP level 8. HP: 39/46 MP: 5/13
  6193 | D:6      | Reached skill level 1 in Air Magic
  6711 | D:6      | Noticed a wyvern
  6739 | D:6      | Killed a wyvern
  6739 | D:6      | Reached * piety under Wu Jian
  6926 | D:6      | Reached XP level 9. HP: 39/52 MP: 10/15
  7000 | D:6      | Reached skill level 5 in Dodging
  7086 | D:6      | Reached skill level 5 in Short Blades
  8285 | D:7      | Noticed Pikel
  8310 | D:7      | Killed Pikel
  8742 | D:7      | Noticed Prince Ribbit
  8745 | D:7      | Killed Prince Ribbit
  8779 | D:7      | Found a transporter.
  8978 | D:7      | Found a transporter.
  8978 | D:7      | Noticed sirJeffrey23's ghost (novice DsMo)
  9084 | D:7      | Noticed a troll
  9191 | D:8      | Reached XP level 10. HP: 58/58 MP: 17/17
  9341 | D:8      | Identified a scroll of acquirement
  9342 | D:8      | Acquired the ring of the Oligarchy {Wiz rElec Will+ Str+2
                  | SInv}
 10081 | D:9      | Reached skill level 5 in Spellcasting
 10158 | D:9      | Reached ** piety under Wu Jian
 10310 | D:9      | Reached skill level 5 in Fighting
 10327 | D:9      | Noticed Maurice
 10364 | D:9      | Killed Maurice
 10522 | D:9      | Noticed Harold
 10534 | D:9      | Killed Harold
 10647 | D:9      | Noticed Grum
 10659 | D:9      | Killed Grum
 10804 | D:9      | Noticed a kobold demonologist
 10807 | D:9      | Killed a kobold demonologist
 10808 | D:9      | Reached XP level 11. HP: 64/64 MP: 19/19
 10899 | D:9      | Noticed a two-headed ogre
 10902 | D:9      | Killed a two-headed ogre
 10904 | D:9      | Found Wingenah's Antique Weapon Shop.
 10976 | D:9      | Found Nareh's Magic Scroll Shop.
 10987 | D:9      | Bought a scroll of magic mapping for 42 gold pieces
 11094 | D:9      | Reached *** piety under Wu Jian
 11469 | D:9      | Learned a level 3 spell: Swiftness
 11470 | D:10     | Entered Level 10 of the Dungeon
 12117 | D:10     | Noticed Amaemon
 12134 | D:10     | Killed Amaemon
 12738 | D:7      | Reached skill level 5 in Air Magic
 12765 | D:7      | Reached **** piety under Wu Jian
 12788 | D:7      | Killed sirJeffrey23's ghost
 13092 | D:11     | Found a stormy altar of Qazlal.
 13136 | D:11     | Noticed a two-headed ogre
 13139 | D:11     | Killed a two-headed ogre
 13140 | D:11     | Noticed a cyclops
 13143 | D:11     | Killed a cyclops
 13158 | D:11     | Noticed a cyclops
 13161 | D:11     | Killed a cyclops
 13162 | D:11     | Reached XP level 12. HP: 71/71 MP: 21/21
 13204 | D:11     | Noticed a two-headed ogre
 13206 | D:11     | Noticed a two-headed ogre
 13207 | D:11     | Killed a two-headed ogre
 13208 | D:11     | Noticed a centaur warrior
 13276 | D:11     | Killed a two-headed ogre
 13277 | D:11     | Reached skill level 5 in Armour
 13277 | D:11     | Reached skill level 10 in Stealth
 13328 | D:11     | Noticed a boulder beetle
 13683 | D:11     | Reached skill level 10 in Hexes
 13825 | D:11     | Killed a centaur warrior
 13845 | D:11     | Killed from afar by a smoke demon

Illustrated notes

Levels and vault maps discovered:
D:1:      roderic_dead_forest, layout_basic,
          dreamdust_ecumenical_altar_drowned_temple
D:2:      layout_loops_ring, minivault_5, chequers_serial_rivers_marsh
D:3:      layout_loops_ring
D:4:      layout_cave_pools, marbit_many_paths, lemuel_temple_firewalk_b,
          kennysheep_pointless_box
D:5:      layout_loops_corners
D:6:      minmay_octagon_keep, layout_layer_cave, chequers_garden
D:7:      layout_basic, gammafunk_ghost_arena, hangedman_decor_points,
          uniq_prince_ribbit1, uniq_pikel
D:8:      layout_basic
D:9:      layout_big_octagon, serial_gnoll_camp, gnoll_camp_mini_hut,
          gnoll_camp_mini_shop, gnoll_camp_mini_shop, gnoll_camp_mini_sergeant,
          gnoll_camp_medium_02, uniq_grum, uniq_maurice, uniq_harold
D:10:     layout_cave_pools, serial_park, serial_park_paths
          [serial_park_minivault_5x5_8], serial_park_square1
          [serial_park_minivault_5x5_7], serial_park_tiny_pond,
          serial_park_gazebo [serial_park_minivault_5x5_8], uniq_amaemon
D:11:     minmay_the_grid_square_5x5_5x5_mashed
          [minmay_the_grid_square_5x5_comb, minmay_the_grid_square_5x5_bridge,
          minmay_the_grid_square_5x5_minimal, minmay_the_grid_square_5x5_three,
          minmay_the_grid_square_5x5_meh,
          minmay_the_grid_square_5x5_eight_small,
          minmay_the_grid_square_5x5_prize_itemx, minmay_the_grid_square_5x5_c,
          minmay_the_grid_square_5x5_prize_snowflake,
          minmay_the_grid_square_5x5_plus, minmay_the_grid_square_5x5_gyroscope,
          minmay_the_grid_square_5x5_checkered,
          minmay_the_grid_square_5x5_prize_gold,
          minmay_the_grid_square_5x5_two_small,
          minmay_the_grid_square_5x5_n_small,
          minmay_the_grid_square_5x5_inner_z,
          minmay_the_grid_square_5x5_prize_monsterx,
          minmay_the_grid_square_5x5_corner,
          minmay_the_grid_square_5x5_prize_open,
          minmay_the_grid_square_5x5_percent,
          minmay_the_grid_square_5x5_misaligned,
          minmay_the_grid_square_5x5_slash, minmay_the_grid_square_5x5_dogpile,
          minmay_the_grid_square_5x5_checkered_sparse,
          minmay_the_grid_square_5x5_fancy_junction], layout_stronghold,
          lair_entry_dummy, hangedman_abyss_or_decor_clamps,
          nicolae_qazlal_scattered_showers
Temple:   mainiacjoe_temple_archimedes_tessellation

Skill      XL: |  1  2  3  4  5  6  7  8  9 10 11 12 |
---------------+-------------------------------------+-----
Short Blades   | 2 3 4 5 7 8 9 |  9.0
Fighting       | 1 2 3 4 5 6 7 |  7.4
Dodging        | 3 4 5 6 7 8 |  8.5
Hexes          | 4 5 7 8 9 10 | 10.1
Spellcasting   | 3 4 5 6 7 |  7.0
Stealth        | 5 6 7 8 9 10 | 10.5
Armour         | 1 2 3 4 5 |  5.2
Air Magic      | 2 3 4 5 |  5.9

Action                   |  1- 3 |  4- 6 |  7- 9 | 10-12 || total
-------------------------+-------+-------+-------+-------++-------
Melee: Dagger            |    71 |    72 |   152 |    36 ||   331
       Short sword       |       |       |       |   261 ||   261
 Cast: Ensorcelled Hiber |     8 |    20 |    47 |   118 ||   193
       Confusing Touch   |       |       |    14 |    22 ||    36
       Tukima's Dance    |       |       |     2 |     1 ||     3
Invok: Lunge             |       |       |    29 |    62 ||    91
       Whirlwind         |       |       |       |     3 ||     3
 Abil: Wall Jump         |       |       |       |     1 ||     1
  Use: Scroll            |       |       |     1 |    13 ||    14
       Potion            |       |       |       |     5 ||     5
 Stab: Sleeping          |    19 |    38 |    37 |    94 ||   188
       Distracted        |       |     1 |       |     1 ||     2
       Confused          |       |       |    12 |    26 ||    38
       Invisible         |       |       |       |     5 ||     5
Armor: Robe              |    12 |     3 |    12 |     1 ||    28
       Steam dragon scal |       |       |       |    42 ||    42
       Troll leather arm |       |       |       |     2 ||     2
Dodge: Dodged            |    53 |    38 |   111 |   232 ||   434

Table legend: (Time is in decaauts)
 A = Elapsed time spent in this place.
 B = Non-inter-level travel time spent in this place.
 C = Inter-level travel time spent in this place.
 D = Time resting spent in this place.
 E = Time spent auto-exploring this place.
 F = Levels seen in this place.
 G = Mean time per level.
                   A        B        C        D        E       F      G
               +--------+--------+--------+--------+--------+-----+--------+
         Total |  13756 |  12091 |   1665 |   2242 |   7477 |  12 | 1146.3 |
       Dungeon |  13328 |  11715 |   1613 |   2242 |   7124 |  11 | 1211.6 |
        Temple |    427 |    375 |     52 |      0 |    353 |   1 |  427.0 |
               +--------+--------+--------+--------+--------+-----+--------+

Top non-repeatable levels by time:
     D:6: 2550 daAuts
     D:9: 1438 daAuts
     D:5: 1347 daAuts
    D:10: 1189 daAuts
     D:2: 1130 daAuts
     D:7: 1109 daAuts
     D:1: 1075 daAuts
     D:8: 998 daAuts
     D:4: 902 daAuts
     D:3: 855 daAuts
    D:11: 730 daAuts
  Temple: 427 daAuts
